 Dungeon Crawl Stone Soup version 0.32-a0-871-ge202e49faa (webtiles) character file.

Game seed: 12228867903789594759

4 KennySheep the Cudgeller (level 1, -2/18 HPs)
             Began as an Armataur Cinder Acolyte on Mar 29, 2024.
             Was a High Priest of Ignis.
             Frozen to death by an endoplasm (4 damage)
             ... on level 1 of the Dungeon.
             The game lasted 00:00:29 (50 turns).

KennySheep the Cudgeller (Armataur Cinder Acolyte)    Turns: 50, Time: 00:00:29

Health: -2/18      AC:  4    Str: 19    XL:     1   Next: 50%
Magic:  2/2        EV:  8    Int: 14    God:    Ignis [*****.]
Gold:   8          SH:  0    Dex:  5    Spells: 2/2 levels left

rFire   + . .        a - -1 mace (flame)
rCold   . . .        (no shield)
rNeg    . . .        b - +0 robe
rPois   .            (no helmet)
rElec   .            (no cloak)
rCorr   .            (no gloves)
SInv    .            (no barding)
Will    .....        (no amulet)
Stlth   +            (no ring)
HPRegen 0.23/turn    (no ring)
MPRegen 0.08/turn

%: roll
@: no status effects
A: large, deformed body, tough skin 3, armoured tail, rollpage 1
a: Renounce Religion, Fiery Armour, Foxfire Swarm, Rising Flame


You were on level 1 of the Dungeon.
You worshipped Ignis.
Ignis was extremely pleased with you.
You visited 1 branch of the dungeon, and saw 1 of its levels.

You collected 8 gold pieces.

Inventory:

Hand Weapons
 a - a -1 mace of flaming (weapon)
Armour
 b - a +0 robe (worn)
Jewellery
 d - a ring of resist corrosion
Potions
 c - a potion of curing {unknown}


   Skills:
 + Level 2.7 Fighting
 * Level 2.8 Maces & Flails
 + Level 0.4 Armour
 - Level 1.0 Spellcasting
 - Level 2.6 Fire Magic


You had 2 spell levels left.
You didn't know any spells.
Your spell library contained the following spells:

 Spells                   Type           Power      Damage    Failure   Level
 Scorch                   Fire           16%        2d5       13%         2


Dungeon Overview and Level Annotations

Branches:
Dungeon (1/15)

Altars:


Innate Abilities, Weirdness & Mutations

Armour fits poorly on your strangely shaped body.
You have extremely tough skin. (AC +3)
You have a long armoured tail.
You regenerate magic when rolling toward enemies. (Rampage MPRegen)


Message History

d - a ring of resist corrosion A kobold comes into view.
It is wielding a +0 dagger.
The kobold shouts!
An endoplasm comes into view.
There are monsters nearby!
An endoplasm comes into view.
The endoplasm quivers.
You roll towards the endoplasm!
A ball python comes into view.
Found a scroll labelled CUAKHL YDUREC.
You hit the endoplasm. You burn the endoplasm.
The endoplasm is almost dead.
The endoplasm freezes you.
You are frozen.
You sock the endoplasm! You burn the endoplasm.
You kill the endoplasm!
The endoplasm freezes you.
You are frozen.
The endoplasm freezes you.
You are frozen.
You barely miss the ball python. The ball python barely misses you.
The endoplasm freezes you.
You are frozen.
You thump the kobold! You burn the kobold.
You kill the kobold!
The ball python closely misses you. The endoplasm freezes you.
You are frozen.
* * * LOW HITPOINT WARNING * * *
The ball python bites you.
* * * LOW HITPOINT WARNING * * *
A goblin comes into view. It is wielding a +0 dagger.
The goblin shouts!
Activating: Foxfire Swarm
Press: ? - help, Dir - look around, f - activate Flames leap up around you!
The endoplasm freezes you.
You are frozen.
You die...
Ignis goes out, and joins you in death.

. ##.#. #. . .......# #
#####+.##g#......?
#.......#...#.. .##
#............. ...
#.....[.#vvv# ..
#######.......##v##.#
.....##.......vv@JS.#
.....##.......vv##v......
.....##.......vv# #.#....
.....##.........# ......
.....'.......#### #.. .
.....#######.# ....
....†......#.# ...
#####.###.##.# .. ......#
#.#


You could see an endoplasm (ally target), a goblin (ally target) and a ball
python.

Vanquished Creatures
  An endoplasm (D:1)
  A giant cockroach (D:1)
  A kobold (D:1)
3 creatures vanquished.

Notes
Turn   | Place    | Note
-------+----------+-------------------------------------------
     0 | D:1      | KennySheep the Armataur Cinder Acolyte began the quest for
                  | the Orb.
     0 | D:1      | Reached XP level 1. HP: 18/18 MP: 2/2
    50 | D:1      | Frozen to death by an endoplasm

Illustrated notes

Levels and vault maps discovered:
D:1:      spicycebolla_arrival_transporter_tutorial, layout_basic, minivault_4,
          hangedman_decor_clover_reticule

Action                     || total
---------------------------++-------
  Melee: Mace              ||     6
 Invoke: Foxfire Swarm     ||     1
 Armour: Robe              ||     2
  Dodge: Dodged            ||     2

Table legend: (Time is in decaauts)
 A = Elapsed time spent in this place.
 B = Non-inter-level travel time spent in this place.
 C = Inter-level travel time spent in this place.
 D = Time resting spent in this place.
 E = Time spent auto-exploring this place.
 F = Levels seen in this place.
 G = Mean time per level.
                   A        B        C        D        E       F      G
               +--------+--------+--------+--------+--------+-----+--------+
         Total |     51 |     51 |      0 |      0 |     28 |   1 |   51.0 |
       Dungeon |     51 |     51 |      0 |      0 |     28 |   1 |   51.0 |
               +--------+--------+--------+--------+--------+-----+--------+

Top non-repeatable levels by time:
     D:1: 51 daAuts
